cohdb
Replays
Latest Replays
All Replays
Popular Replays
Top Player Replays
Match Explorer
How It Works
Community
CoH3 Stats
Reddit
Sign in to upload your games and track your stats! →
Sign in with Steam
pinnacle of fun...
Match 36593524
Overview
Messages
Build Orders
End
Pioneer Squad
Selects Italian Coastal Battlegroup
Selects Coastal Reserves
Coastal Reserve
Coastal Reserve
Coastal Reserve
Construct Infanterie Kompanie
Construct Panzergrenadier Kompanie
Selects Designate Defensive Line
Pak 40 Anti-tank Gun Team
Selects Rapid Fortifications
Rapid Fortifications
Medical Bunker
251 Medium Carrier
Panzergrenadier Squad
Selects Artillery Officer
Designate Defensive Line
Pak 40 Anti-tank Gun Team
Support Elements
Oziligath
给你一朵小红花
0
0
Comments
sign in to comment!
Dave
5 months ago
lol man that's so bad